 Dungeon Crawl Stone Soup version 0.28.0-47-ge53b351184 (webtiles) character file.

Game seed: 12839943433242591109

197 bobregger the Cudgeller (level 5, 0/81 HPs)
             Began as an Ogre Berserker on Apr 27, 2022.
             Was a Follower of Trog.
             Slain by a bullfrog skeleton (5 damage)
             ... on level 3 of the Dungeon.
             The game lasted 00:02:40 (2811 turns).

bobregger the Cudgeller (Ogre Berserker)            Turns: 2811, Time: 00:02:41

Health: 0/81       AC:  3    Str: 23    XL:     5   Next: 75%
Magic:  7/7        EV: 10    Int:  8    God:    Trog [*.....]
Gold:   89         SH:  0    Dex: 14    Spells: 7/7 levels left

rFire   . . .      SeeInvis .   a - +0 mace
rCold   . . .      Faith    .   (no shield)
rNeg    + . .      Spirit   .   b - +0 animal skin
rPois   .          Reflect  .   (helmet restricted)
rElec   .          Harm     .   (no cloak)
rCorr   .          Rampage  .   (gloves unavailable)
Will    .....                   (boots unavailable)
Stlth   ..........              (no amulet)
HPRegen 0.23/turn               m - +6 ring of dexterity
MPRegen 0.10/turn               o - ring of positive energy

@: berserking (expiring), very quick
A: large, unfitting armour, tough skin 1
a: Renounce Religion, Berserk


You were on level 3 of the Dungeon.
You worshipped Trog.
Trog was aware of your devotion.
You visited 1 branch of the dungeon, and saw 3 of its levels.

You collected 89 gold pieces.

Inventory:

Hand Weapons
 a - a +0 mace (weapon)
Armour
 b - a +0 animal skin (worn)
Jewellery
 m - a +6 ring of dexterity (left hand)
 o - a ring of positive energy (right hand)
Scrolls
 c - a scroll of immolation {unknown}
 d - 3 scrolls of teleportation {unknown}
 f - 2 scrolls of identify {unknown}
 h - a scroll of magic mapping {unknown}
 j - a scroll of enchant weapon {unknown}
Potions
 e - 2 potions of heal wounds {unknown}
 g - a potion of curing {unknown}
 i - 2 potions of attraction {unknown}
 k - a potion of flight {unknown}
 l - a potion of haste {unknown}
 n - a potion of berserk rage {unknown}


   Skills:
 - Level 4.0 Fighting
 + Level 5.4 Maces & Flails
 - Level 2.6 Dodging
 - Level 1.5 Spellcasting


You had 7 spell levels left.
You didn't know any spells.
Your spell library was empty.

Dungeon Overview and Level Annotations

Branches:
Dungeon (3/15)

Altars:

Shops:
D:1 *


Innate Abilities, Weirdness & Mutations

You are too large for most types of armour.
You have tough skin. (AC +1)


Message History

The centaur zombie hits you. The centaur zombie kicks you.
The bullfrog skeleton hits you.
The centaur zombie hits you but does no damage.
The centaur zombie kicks you. The bullfrog zombie hits you.
GraveError's ghost hits you!
* * * LOW HITPOINT WARNING * * *
You sock GraveError's ghost!
You destroy GraveError's ghost!
Trog accepts your kill. The centaur zombie closely misses you.
The centaur zombie kicks you but does no damage.
The centaur zombie hits you.
* * * LOW HITPOINT WARNING * * *
The centaur zombie misses you.
The bullfrog skeleton completely misses you.
The bullfrog zombie hits you.
* * * LOW HITPOINT WARNING * * *
Your Maces & Flails skill increases to level 5!
You have reached level 5!
You barely miss the bullfrog zombie.
The centaur zombie barely misses you. x2
The centaur zombie hits you.
* * * LOW HITPOINT WARNING * * *
The centaur zombie barely misses you. The bullfrog zombie misses you.
The bullfrog skeleton hits you.
* * * LOW HITPOINT WARNING * * *
The centaur zombie hits you.
* * * LOW HITPOINT WARNING * * *
The centaur zombie barely misses you.
You sock the bullfrog zombie!
The bullfrog zombie is moderately damaged.
The bullfrog skeleton hits you.
* * * LOW HITPOINT WARNING * * *
The centaur zombie hits you but does no damage.
The centaur zombie barely misses you.
The bullfrog zombie hits you but does no damage.
The centaur zombie hits you.
* * * LOW HITPOINT WARNING * * *
The centaur zombie kicks you but does no damage.
The bullfrog skeleton hits you.
You die...

#. #....................... #.
#....................... #.
#..#############........ #.
#..#........ #........ #>
#..#....... ..#........
#.####.##..#..###.###..#........
...........#..#8#.#8#..#........
.####......#...[Z.....$#........
#.....©#...@Z©....(#©.......
.........#..Z.Z......#..##...#
###......#..#8#.#8#..#.
#......#..###.### .#
#......#....... #......#........
#......## ####### ####....


You could see a bullfrog zombie, 2 centaur zombies and a bullfrog skeleton.

Vanquished Creatures
  The ghost of GraveError the Skirmisher, an amateur DjWn of Yredelemnul (D:3)
  Jessica (D:2)
  4 adders (D:2)
  A worm (D:2)
  2 dart slugs (D:1)
  4 ball pythons
  4 bats
  3 endoplasms
  2 giant cockroaches
  7 goblins
  6 hobgoblins
  2 quokkas (D:1)
  A frilled lizard (D:1)
  3 kobolds
  4 rats
45 creatures vanquished.

Notes
Turn   | Place    | Note
-------+----------+-------------------------------------------
     0 | D:1      | bobregger the Ogre Berserker began the quest for the Orb.
     0 | D:1      | Reached XP level 1. HP: 24/24 MP: 1/1
   108 | D:1      | Reached skill level 1 in Spellcasting
   251 | D:1      | Reached XP level 2. HP: 32/32 MP: 4/4
   374 | D:1      | Reached skill level 3 in Maces & Flails
   940 | D:1      | Reached XP level 3. HP: 39/39 MP: 5/5
  1101 | D:1      | Found Monannefy's General Store.
  1743 | D:2      | Noticed Jessica
  1749 | D:2      | Killed Jessica
  1750 | D:2      | Reached skill level 4 in Maces & Flails
  1750 | D:2      | Reached XP level 4. HP: 46/48 MP: 6/6
  2787 | D:3      | Found a transporter.
  2790 | D:3      | Noticed GraveError's ghost (amateur DjWn)
  2809 | D:3      | Killed GraveError's ghost
  2810 | D:3      | Reached skill level 5 in Maces & Flails
  2810 | D:3      | Reached XP level 5. HP: 19/54 MP: 7/7
  2811 | D:3      | Slain by a bullfrog skeleton

Illustrated notes

Levels and vault maps discovered:
D:1:      amcnicky_arrival_abandoned_market, layout_basic, serial_shops,
          shop_fountains, chequers_serial_rivers_small_b
D:2:      layout_loops_ring, uniq_jessica
D:3:      layout_rooms, gammafunk_ghost_mausoleum, ebering_ecumenical_altar_webs

Skill      XL: |  1  2  3  4 |
---------------+-------------+-----
Spellcasting   | 1 |  1.5
Maces & Flails | 3 4 5 |  5.4
Fighting       | |  4.0
Dodging        | |  2.6

Action                   |  1- 3 |  4- 6 || total
-------------------------+-------+-------++-------
Melee: Mace              |   112 |    75 ||   187
Invok: Berserk           |       |     1 ||     1
Armor: Animal skin       |    46 |    37 ||    83
Dodge: Dodged            |    90 |    57 ||   147
